 Dungeon Crawl Stone Soup version 0.25.0-10-g039870ee82 (webtiles) character file.

Game seed: 6894530126049635096

88127 Flugkiller the Fencer (level 15, -5/94 HPs)
             Began as a Deep Elf Chaos Knight on June 23, 2020.
             Was a Plaything of Xom.
             Shot with a bolt by an orc warrior (19 damage)
             ... on level 2 of the Orcish Mines.
             The game lasted 00:38:05 (30771 turns).

Flugkiller the Fencer (Deep Elf Chaos Knight)      Turns: 30771, Time: 00:38:06

Health: -5/94      AC: 32    Str: 19    XL:     15   Next: 45%
Magic:  23/23      EV: 13    Int: 19    God:    Xom [.*....]
Gold:   2597       SH: 11    Dex: 19    Spells: 7/22 levels left

rFire    . . .     SeeInvis .   a - +1 double sword of Havoc {flame, *Rage rC+ Dex+4}
rCold    + . .     Gourm    .   y - +0 buckler
rNeg     . . .     Faith    .   Q - +6 plate armour of Wisdom {-Tele +Inv rCorr}
rPois    .         Spirit   .   (helmet restricted)
rElec    .         Reflect  +   W - +2 cloak
rCorr    +         Harm     .   U - +2 pair of gloves
MR       +....     Rnd*Rage +   R - +2 pair of boots Stlth ..........NoTele +
                                T - amulet of reflection
HPRegen  0.25/turn              s - +6 ring of strength
MPRegen  0.18/turn              j - +4 ring of slaying

@: berserk cooldown, hasted and slowed
A: antennae 1, iridescent scales 1, yellow scales 1, blink, sense surroundings
2, screaming 1
a: Blink, Renounce Religion, Evoke Invisibility


You were on level 2 of the Orcish Mines.
You worshipped Xom.
You were a plaything of Xom.
You were not hungry.

You visited 3 branches of the dungeon, and saw 23 of its levels.
You also visited: Ossuary and Bailey.

You collected 2597 gold pieces.

Inventory:

Hand Weapons
 a - the +1 double sword of Havoc (weapon) {flame, *Rage rC+ Dex+4}
   (You acquired it on level 9 of the Dungeon)

   It has been specially enchanted to burn those struck by it, causing extra
   injury to most foes and up to half again as much damage against particularly
   susceptible opponents.
   Big, fiery blades are also staple armaments of hydra-hunters.
   It affects your dexterity (+4).
   It protects you from cold.
   It may make you go berserk in combat.
 b - a +1 scimitar
   (You took it off an orc warrior on level 6 of the Dungeon)
Missiles
 A - a throwing net (quivered)
Armour
 g - a cursed -1 helmet
   (You found it on level 8 of the Dungeon)
 i - a cursed +2 helmet
   (You found it on level 1 of the Dungeon)
 y - a +0 buckler (worn)
   (You found it on level 4 of the Dungeon)
 K - the +4 moon troll leather armour {Spirit, Regen++ MP+5}
   (You found it in a bailey)

   It affects your magic capacity (+5).
   It increases your rate of regeneration.
 Q - the +6 plate armour of Wisdom (worn) {-Tele +Inv rCorr}
   (You found it on level 6 of the Lair of Beasts)

   It lets you turn invisible.
   It prevents most forms of teleportation.
   It provides partial protection from all sources of acid and corrosion.
 R - a +2 pair of boots (worn)
   (You found it on level 5 of the Lair of Beasts)
 U - a +2 pair of gloves (worn)
   (You found it on level 12 of the Dungeon)
 W - a +2 cloak (worn)
   (You found it on level 11 of the Dungeon)
Jewellery
 j - a +4 ring of slaying (right hand)
   (You found it on level 5 of the Dungeon)
 k - a +4 ring of protection
   (You found it on level 1 of the Dungeon)
 s - a +6 ring of strength (left hand)
   (You found it on level 2 of the Lair of Beasts)
 E - an uncursed ring of protection from fire
   (You found it on level 8 of the Dungeon)
 F - an uncursed ring of protection from magic
   (You found it on level 8 of the Dungeon)
 L - the ring "Lakleifo" {rPois rF- Int+3 Stlth-}
   (You found it on level 6 of the Lair of Beasts)

   [ring of attention]

   It affects your intelligence (+3).
   It makes you vulnerable to fire.
   It protects you from poison.
   It makes you less stealthy.
 T - an amulet of reflection (around neck)
   (You found it on level 6 of the Lair of Beasts)
Wands
 d - a wand of polymorph (18)
   (You found it on level 3 of the Lair of Beasts)
 h - a wand of digging (2)
   (You found it on level 14 of the Dungeon)
 l - a wand of flame (33)
   (You found it on level 5 of the Dungeon)
 o - a wand of clouds (3)
   (You found it on level 11 of the Dungeon)
 N - a wand of disintegration (23)
   (You found it on level 2 of the Lair of Beasts)
 X - a wand of paralysis (4)
   (You found it on level 11 of the Dungeon)
Scrolls
 n - 11 scrolls of remove curse
 p - 4 scrolls of magic mapping
 q - 2 scrolls of fear
 t - 7 scrolls of teleportation
 v - 4 scrolls of immolation
 w - 4 scrolls of blinking
 C - 2 scrolls of fog
 O - 2 scrolls of enchant weapon
 S - 2 scrolls of vulnerability
 V - 4 scrolls of identify
 Z - a scroll of enchant armour
Potions
 c - 5 potions of haste
 f - 5 potions of flight
 r - 7 potions of curing
 u - 5 potions of magic
 x - 2 potions of brilliance
 z - a potion of invisibility
 B - a potion of mutation
 D - 3 potions of ambrosia
 H - a potion of cancellation
 I - 2 potions of berserk rage
 J - 2 potions of stabbing
 M - a potion of resistance
Miscellaneous
 m - a lightning rod (4/4)
   (You found it on level 3 of the Lair of Beasts)
 P - a tin of tremorstones (2/3)
   (You found it on level 3 of the Lair of Beasts)
Comestibles
 e - 38 rations
 Y - 3 chunks of flesh


   Skills:
 + Level 11.1 Fighting
 - Level 16.0 Long Blades
 + Level 6.1 Armour
 - Level 12.8 Dodging
 - Level 4.0 Shields
 - Level 4.0 Spellcasting
 - Level 11.1 Hexes
 - Level 2.0 Charms
 - Level 6.0 Evocations


You had 7 spell levels left.
You knew the following spells:

 Your Spells              Type           Power        Failure   Level  Hunger
a - Invisibility          Hex            #####...     99%         6    #######
b - Statue Form           Tmut/Erth      #........    100%        6    #######
d - Spectral Weapon       Hex/Chrm       ####....     58%         3    ###....

Your spell library contained the following spells:

 Spells                   Type           Power        Failure   Level  Hunger
 Tukima's Dance           Hex            #####...     12%         3    ###....
 Ensorcelled Hibernation  Hex/Ice        ###...       50%         2    ##.....
 Infusion                 Chrm           ##..         85%         1    None
 Song of Slaying          Chrm           ##......     94%         2    ##.....
 Animate Skeleton         Necr           N/A          98%         1    None
 Apportation              Tloc           #.....       98%         1    None
 Beastly Appendage        Tmut           #.....       98%         1    None
 Pain                     Necr           #...         98%         1    None
 Sandblast                Erth           #.....       98%         1    None
 Shock                    Conj/Air       #...         98%         1    None
 Summon Butterflies       Summ           #.......     98%         1    None
 Shroud of Golubria       Chrm/Tloc      #.....       98%         2    ##.....
 Swiftness                Chrm/Air       #.......     98%         2    ##.....
 Passwall                 Tmut/Erth      #.......     99%         2    ##.....
 Poisonous Vapours        Pois/Air       #.....       99%         2    ##.....
 Sticks to Snakes         Tmut           #.......     99%         2    ##.....
 Darkness                 Hex            #####.....   99%         6    #######
 Conjure Flame            Conj/Fire      #.......     100%        3    ###....
 Lesser Beckoning         Tloc           #.........   100%        3    ###....
 Mephitic Cloud           Conj/Pois/Air  #.......     100%        3    ###....
 Ozocubu's Armour         Chrm/Ice       #.......     100%        3    ###....
 Spider Form              Tmut/Pois      #.........   100%        3    ###....
 Static Discharge         Conj/Air       #.......     100%        3    ###....
 Stone Arrow              Conj/Erth      #.....       100%        3    ###....
 Vampiric Draining        Necr           #.........   100%        3    ###....
 Airstrike                Air            #.........   100%        4    ####...
 Animate Dead             Necr           N/A          100%        4    ####...
 Ice Form                 Ice/Tmut       #.......     100%        4    ####...
 Petrify                  Tmut/Erth      #.......     100%        4    ####...
 Agony                    Necr           #.......     100%        5    ######.
 Alistair's Intoxication  Tmut/Pois      #.......     100%        5    ######.
 Blade Hands              Tmut           #.........   100%        5    ######.
 Borgnjor's Vile Clutch   Necr/Erth      #.........   100%        5    ######.
 Irradiate                Conj/Tmut      #.........   100%        5    ######.
 Lee's Rapid Deconstruct  Erth           #.........   100%        5    ######.
 Lightning Bolt           Conj/Air       #.........   100%        5    ######.
 Silence                  Hex/Air        ###.......   100%        5    ######.
 Freezing Cloud           Conj/Ice/Air   #.........   100%        6    #######
 Hydra Form               Tmut           #.........   100%        6    #######
 Shadow Creatures         Summ           N/A          100%        6    #######
 Dragon Form              Tmut           #.........   100%        7    #######
 Ring of Flames           Chrm/Fire      #.........   100%        7    #######


Dungeon Overview and Level Annotations

Branches:
Dungeon (15/15)            Temple (0/1) D:6            Lair (6/6) D:10
 Shoals (0/4) Lair:2       Spider (0/4) Lair:2        Slime (0/5) Lair:6
    Orc (2/2) D:11         Vaults (0/5) D:13         Depths (0/5) D:15
Ossuary (visited)          Bailey (visited)
    Elf: Orc:2

Altars:
Ashenzari
Dithmenos
Elyvilon
Gozag
Kikubaaqudgha
Qazlal
Ru
Sif Muna
Uskayaw
Xom
Yredelemnul
Zin
Beogh

Shops:
D:5 }   D:11 =   D:14 =

Annotations:
D:3 1 runed translucent door, GenChuck's ghost, amateur DsGl
D:4 Sigmund
D:10 exclusion: ice statue
D:11 2 transporters, Wiuzywej's ghost, journeyman MiBe
Lair:1 exclusion: oklob plant
Lair:4 exclusion: oklob plant


Innate Abilities, Weirdness & Mutations

You have a pair of small antennae on your head.
You are partially covered in iridescent scales. (AC +2)
You are partially covered in yellow scales. (AC +2)
You can translocate small distances at will.
You passively map the area around you.
You occasionally shout uncontrollably at your foes.


Message History

Unknown command.
You slash Jorgrun! You burn Jorgrun.
Jorgrun is almost dead.
Jorgrun is engulfed in blazing flames.
Jorgrun gestures at you while chanting.
Roots burst forth from the earth!
The grasping roots grab you!
* * * LOW HITPOINT WARNING * * *
The grasping roots constrict you!
You miss Jorgrun.
Jorgrun is almost dead.
Jorgrun is engulfed in blazing flames.
Jorgrun says, "May tha earth consume ye!"
You block Jorgrun's attack.
* * * LOW HITPOINT WARNING * * *
The grasping roots constrict you!!
An orc warrior comes into view. It is wielding a +0 glaive.
You escape the roots' grasp.
The orc warrior shoots a bolt.
The bolt misses you.
The centaur shoots an arrow.
You reflect the arrow off an invisible shield around you!
The arrow barely misses the centaur.
Jorgrun is engulfed in blazing flames.
You kill Jorgrun!
Your Armour skill increases to level 6!
The centaur shoots an arrow.
You reflect the arrow off an invisible shield around you!
The arrow closely misses the centaur.
The orc warrior shoots a bolt.
The bolt hits you but does no damage.
You see here a bolt.
Unknown command.
The centaur shoots an arrow.
The arrow barely misses you.
An orc warrior comes into view. It is wielding a +0 battleaxe.
You shout at the orc warrior!
The orc warrior shoots a bolt.
The bolt completely misses you.
You hear a shout! x3
Unknown command.
The centaur shoots an arrow.
You reflect the arrow off an invisible shield around you!
The arrow hits the centaur.
The centaur shoots an arrow.
The arrow misses you.
There is a stone staircase leading up here.
You see here a bolt.
The centaur shoots an arrow.
The arrow hits you but does no damage.
The orc warrior shoots a bolt.
The bolt closely misses you.
The orc knight unwields a +0 glaive.
The orc knight wields a +0 arbalest.
The orc knight shoots a bolt.
The bolt hits you!
* * * LOW HITPOINT WARNING * * *
The orc warrior unwields a +0 battleaxe.
The orc warrior wields a +0 arbalest.
The orc warrior shoots a bolt.
The bolt hits you!!
You die...
Xom roars with laughter!

# * , ,, .*,
*..........## #
,............## #**
.....$.......# *
..............#
...............# ,*
#...........(...# *
................# ,
,,#..........@....#
* ,
.....§.........##
....§§§...(.....#
(.(..§§....#...$#
o)..o#§§(......##
#....°c)).(....# ,
, ##.oo..(.<(...##
, ,, #...###)().###
.o...# ##..##


You could see an orc knight, 2 orc warriors and a centaur.

Vanquished Creatures
  Jorgrun (Orc:2)
  Kirke (Lair:3)
  A storm dragon (D:15)
  An orc warlord (Bailey)
  2 fire dragons (D:15)
  4 hydras
  2 ice dragons
  A catoblepas (Lair:5)
  4 centaur warriors
  7 tengu warriors
  2 orc high priests
  3 unseen horrors
  3 orc knights
  A wizard (D:14)
  2 lindwurms
  A deep elf mage (D:15)
  18 ugly things
  3 oklob plants (Lair:6)
  3 manticores
  A wolf spider (Lair:6)
  A guardian serpent (Lair:6)
  7 cyclopes
  6 black mambas
  4 centaur zombies
  A merfolk siren (Lair:2)
  5 torpor snails (Lair:6)
  2 gargoyles
  3 rime drakes
  An efreet (D:15)
  15 spiny frogs
  5 komodo dragons
  A kobold demonologist (D:15)
  A tengu conjurer (D:15)
  A polar bear (Lair:5)
  11 trolls
  13 hornets
  4 tyrant leeches (Lair:6)
  13 blink frogs
  A snapping turtle (shapeshifter) (D:15)
  A dream sheep (shapeshifter) (Lair:4)
  5 hippogriffs
  12 slime creatures
  A vampire (D:14)
  11 wyverns (Lair:6)
  A redback (Lair:6)
  A shadow (D:13)
  A basilisk (shapeshifter) (D:13)
  2 wraiths
  2 hogs (Lair:3)
  22 yaks
  2 humans
  A steam dragon (shapeshifter) (D:15)
  2 hungry ghosts
  5 wargs
  4 basilisks
  4 vampire mosquitoes (D:14)
  2 acid dragons
  23 water moccasins
  5 porcupines
  An ice beast (D:7)
  24 orc warriors
  2 necrophages
  4 black bears
  3 sky beasts
  8 ogres
  5 phantoms
  3 eyes of draining
  13 wolves
  7 centaurs
  12 crocodiles
  2 big kobolds
  17 bullfrogs
  A wyvern skeleton (D:13)
  7 scorpions
  3 wights (D:6)
  10 killer bees
  2 electric eels (D:10)
  9 howler monkeys
  7 crimson imps
  A quasit (D:10)
  2 bullfrog zombies
  13 jellies
  3 bullfrog skeletons
  5 hounds
  4 centaur skeletons
  19 orc priests
  Crazy Yiuf (D:3)
  Jessica (D:3)
  An iguana (D:5)
  25 orc wizards
  6 worker ants
  3 big kobold zombies (Ossuary)
  2 hound zombies
  A hound skeleton (D:10)
  3 mummies (Ossuary)
  7 gnolls
  9 adders
  2 shadow imps
  6 oozes
  An adder skeleton (D:5)
  4 adder zombies
  6 worms
  5 leopard geckos
  73 orcs
  4 giant cockroaches
  A gnoll zombie (Ossuary)
  4 goblins
  5 hobgoblins
  4 jackals
  12 quokkas
  11 bats
  2 frilled lizards (D:1)
  A goblin zombie (Ossuary)
  A hobgoblin zombie (Ossuary)
  A jackal zombie (D:7)
  24 kobolds
  2 kobold zombies (Ossuary)
  An orc zombie (Ossuary)
  A quokka zombie (Ossuary)
  3 rats
  5 rat zombies (Ossuary)
  3 plants (Lair:6)
691 creatures vanquished.

Vanquished Creatures (collateral kills)
  Rupert (Lair:3)
  A salamander (Lair:3)
  A wight (D:6)
  3 worker ants (Lair:2)
  An orc (D:4)
7 creatures vanquished.

Vanquished Creatures (others)
  A tengu warrior (D:15)
  A hog (Lair:3)
  A jelly (Lair:6)
  An orc (Orc:2)
  9 fungi
  13 plants
  A spectral weapon (Lair:4)
27 creatures vanquished.

Grand Total: 725 creatures vanquished

Notes
Turn   | Place    | Note
-------+----------+-------------------------------------------
     0 | D:1      | Flugkiller the Deep Elf Chaos Knight began the quest for
                  | the Orb.
     0 | D:1      | Reached XP level 1. HP: 13/13 MP: 3/3
    15 | D:1      | XOM: divination: magic mapping
    49 | D:1      | XOM: divination: magic mapping
   110 | D:1      | XOM: silly message
   192 | D:1      | Reached skill level 3 in Long Blades
   192 | D:1      | Reached XP level 2. HP: 17/18 MP: 4/4
   320 | D:1      | XOM: silly message
   486 | D:1      | XOM: silly message
   579 | D:1      | XOM: silly message
   769 | D:2      | XOM: potion effect (invisibility)
   780 | D:2      | Reached XP level 3. HP: 22/22 MP: 5/5
  1267 | D:2      | XOM: silly message
  1612 | D:2      | Found a hide-covered altar of Uskayaw.
  1718 | D:3      | Noticed Jessica
  1722 | D:3      | Killed Jessica
  1722 | D:3      | Reached XP level 4. HP: 27/27 MP: 6/6
  1766 | D:3      | XOM: scenery: create altars
  1921 | D:3      | XOM: give mutations
  1921 | D:3      | Gained mutation: You have a pair of small antennae on your
                  | head. [Xom's grace]
  1921 | D:3      | Gained mutation: Your spells are a little harder to cast,
                  | but a little more powerful. [Xom's grace]
  1921 | D:3      | Gained mutation: Your muscles are strong. (Str +2) [Xom's
                  | grace]
  1921 | D:3      | Gained mutation: You expend magic power (3 MP) to
                  | strengthen your wands. [Xom's grace]
  1959 | D:3      | Found a runed translucent door.
  1960 | D:3      | Noticed Crazy Yiuf
  2034 | D:3      | Found a faded altar of an unknown god.
  2066 | D:3      | XOM: give mutation
  2066 | D:3      | Gained mutation: Your mind is acute. (Int +2) [Xom's grace]
  2112 | D:3      | Killed Crazy Yiuf
  2112 | D:3      | Reached skill level 4 in Long Blades
  2505 | D:3      | XOM: scenery: 2 doors close
  2702 | D:3      | Found a runed translucent door.
  2703 | D:3      | Noticed GenChuck's ghost (amateur DsGl)
  2717 | D:3      | Found a shadowy altar of Dithmenos.
  2904 | D:4      | XOM: 3-stop teleportation journey
  2912 | D:4      | Reached XP level 5. HP: 30/32 MP: 5/7
  2919 | D:4      | XOM: silly message
  2939 | D:4      | XOM: swap monsters
  3277 | D:4      | XOM: silly message
  3288 | D:4      | XOM: blink monster(s)
  3384 | D:4      | XOM: silly message
  3584 | D:4      | Found a stormy altar of Qazlal.
  3657 | D:4      | Noticed Sigmund
  3776 | D:4      | Found a sacrificial altar of Ru.
  3932 | D:5      | Entered Level 5 of the Dungeon
  3988 | D:4      | XOM: silly message
  4108 | D:5      | XOM: enchant monster (good)
  4222 | D:5      | Reached XP level 6. HP: 28/37 MP: 5/8
  4527 | D:5      | Found an opulent altar of Gozag.
  4594 | D:5      | Reached skill level 5 in Long Blades
  4816 | D:5      | Found Hutsacs's Gadget Shop.
  4928 | D:5      | XOM: cast spell 'Summon Ice Beast'
  4942 | D:5      | XOM: enchant monster (bad)
  4975 | D:5      | XOM: give mutations
  4975 | D:5      | Gained mutation: Your flesh is heat resistant. (rF+) [Xom's
                  | grace]
  4975 | D:5      | Gained mutation: Your mind is very acute. (Int +4) [Xom's
                  | grace]
  4975 | D:5      | Gained mutation: Your system is resistant to poisons.
                  | (rPois) [Xom's grace]
  4975 | D:5      | Gained mutation: You are partially covered in molten
                  | scales. (AC +2) [Xom's grace]
  5000 | D:5      | XOM: enchant monster (bad)
  5007 | D:5      | Reached skill level 5 in Dodging
  5007 | D:5      | Reached XP level 7. HP: 26/42 MP: 7/9
  5022 | D:5      | XOM: butterfly on damage
  5253 | D:4      | XOM: silly message
  5412 | D:5      | XOM: summons 3 hostile shadow creatures
  5556 | D:6      | Noticed a hippogriff
  5567 | D:6      | XOM: blink monster(s)
  5573 | D:6      | XOM: confusion (+ monsters)
  5574 | D:6      | XOM: confusion (+ monsters)
  5584 | D:6      | Killed a hippogriff
  5584 | D:6      | Reached skill level 6 in Long Blades
  5607 | D:5      | Found a basalt altar of Yredelemnul.
  5735 | D:6      | XOM: fake destruction
  5749 | D:6      | XOM: silly message
  5759 | D:6      | XOM: silly message
  5773 | D:5      | XOM: silly message
  5862 | D:5      | Reached XP level 8. HP: 48/48 MP: 10/10
  6000 | D:6      | Reached skill level 7 in Long Blades
  6104 | D:6      | XOM: confusion (+ monsters)
  6123 | D:6      | XOM: summons friendly white imp
  6216 | D:6      | Reached skill level 5 in Fighting
  6268 | D:6      | XOM: cloud trail
  6559 | D:6      | XOM: butterfly on damage
  6642 | D:6      | XOM: give mutations
  6642 | D:6      | Gained mutation: You occasionally shout uncontrollably at
                  | your foes. [Xom's mischief]
  6642 | D:6      | Lost mutation: You occasionally shout uncontrollably at
                  | your foes. [Xom's mischief]
  6642 | D:6      | Lost mutation: Your mind is very acute. (Int +4) [Xom's
                  | mischief]
  6642 | D:6      | Gained mutation: Your body sometimes deteriorates upon
                  | taking damage. [Xom's mischief]
  6650 | D:6      | XOM: summons 2 hostile demons
  6916 | D:6      | Found a staircase to the Ecumenical Temple.
  6983 | D:6      | Found a white marble altar of Elyvilon.
  7144 | D:7      | Reached skill level 8 in Long Blades
  7144 | D:7      | Reached skill level 1 in Shields
  7144 | D:7      | Reached XP level 9. HP: 54/54 MP: 11/11
  7216 | D:7      | XOM: fog
  7356 | D:7      | XOM: summons 5 hostile demons
  7357 | D:7      | Noticed a sun demon
  7361 | D:7      | Found an ancient bone altar of Kikubaaqudgha.
  7784 | D:7      | Found a shimmering blue altar of Sif Muna.
  7952 | D:7      | Found a glowing silver altar of Zin.
  8176 | D:8      | Noticed a two-headed ogre
  8180 | D:8      | XOM: 2-stop teleportation journey
  8349 | D:8      | Found a sand-covered staircase.
  8368 | Ossuary  | Entered an ossuary
  8376 | Ossuary  | XOM: give mutations
  8376 | Ossuary  | Lost mutation: Your spells are a little harder to cast, but
                  | a little more powerful. [Xom's mischief]
  8376 | Ossuary  | Gained mutation: You are frail. (-10% HP) [Xom's mischief]
  8376 | Ossuary  | Gained mutation: You are covered in fur. (AC +1) [Xom's
                  | mischief]
  8376 | Ossuary  | Lost mutation: Your body sometimes deteriorates upon taking
                  | damage. [Xom's mischief]
  8532 | Ossuary  | Learned a level 6 spell: Invisibility
  8755 | D:8      | Found a white marble altar of Elyvilon.
  8762 | D:8      | XOM: confusion
  8787 | D:8      | Reached skill level 9 in Long Blades
  8832 | D:8      | XOM: give mutations
  8832 | D:8      | Lost mutation: Your mind is acute. (Int +2) [Xom's
                  | mischief]
  8832 | D:8      | Gained mutation: You are partially covered in yellow
                  | scales. (AC +2) [Xom's mischief]
  8885 | D:8      | Found a hide-covered altar of Uskayaw.
  8886 | D:8      | Noticed an anaconda
  8886 | D:8      | a two-headed ogre changed into an anaconda
  8886 | D:8      | XOM: polymorph two-headed ogre -> anaconda
  9057 | D:9      | Reached skill level 1 in Spellcasting
  9057 | D:9      | Reached skill level 1 in Hexes
  9272 | D:9      | XOM: 1-stop teleportation journey
  9299 | D:9      | Noticed a troll
  9304 | D:9      | Killed a troll
  9355 | D:9      | Found a flagged portal.
  9374 | D:9      | Got an ichor-stained hand axe
  9377 | Bailey   | Entered a bailey
  9382 | Bailey   | Noticed an orc warlord
  9383 | Bailey   | Found the +4 moon troll leather armour {Spirit, Regen++
                  | MP+5}
  9430 | Bailey   | Noticed an orc knight
  9437 | Bailey   | XOM: swap monsters
  9449 | Bailey   | Killed an orc knight
  9449 | Bailey   | Reached XP level 10. HP: 54/54 MP: 13/15
  9473 | Bailey   | Found a runed translucent gate.
  9475 | Bailey   | Found a runed translucent gate.
  9639 | Bailey   | Found a runed translucent gate.
  9665 | Bailey   | XOM: give mutations
  9665 | Bailey   | Lost mutation: Your flesh is heat resistant. (rF+) [Xom's
                  | mischief]
  9665 | Bailey   | Lost mutation: You are frail. (-10% HP) [Xom's mischief]
  9676 | Bailey   | XOM: 2-stop teleportation journey
  9786 | Bailey   | XOM: confuse monster(s)
  9789 | Bailey   | Killed an orc warlord
  9966 | D:9      | Identified 2 scrolls of acquirement
  9969 | D:9      | Got the +1 double sword of Havoc {flame, *Rage rC+ Dex+4}
 10056 | D:9      | XOM: summons 2 hostile demons
 10101 | D:9      | XOM: summons 4 hostile shadow creatures
 10102 | D:9      | Noticed a two-headed ogre
 10216 | D:9      | XOM: give mutations
 10216 | D:9      | Gained mutation: Your mind is acute. (Int +2) [Xom's
                  | mischief]
 10216 | D:9      | Gained mutation: Your body sometimes deteriorates upon
                  | taking damage. [Xom's mischief]
 10216 | D:9      | Gained mutation: You occasionally shout uncontrollably at
                  | your foes. [Xom's mischief]
 10475 | D:10     | Entered Level 10 of the Dungeon
 10601 | D:10     | XOM: confuse monster(s)
 10632 | D:10     | Reached skill level 10 in Long Blades
 10719 | D:10     | Found a staircase to the Lair.
 10809 | D:10     | Reached skill level 5 in Hexes
 10894 | D:10     | Noticed an ice statue
 11024 | D:10     | Reached XP level 11. HP: 60/66 MP: 19/19
 11453 | D:10     | XOM: blink monster(s)
 11480 | Lair:1   | Entered Level 1 of the Lair of Beasts
 11685 | Lair:1   | XOM: fog
 11717 | Lair:1   | XOM: summons 6 friendly demons
 11836 | Lair:1   | XOM: summons 3 friendly demons
 11852 | Lair:1   | Reached skill level 10 in Dodging
 12019 | Lair:1   | Found a shattered altar of Ashenzari.
 12125 | Lair:1   | XOM: give mutations
 12125 | Lair:1   | Gained mutation: You are partially covered in iridescent
                  | scales. (AC +2) [Xom's grace]
 12125 | Lair:1   | Gained mutation: You are robust. (+10% HP) [Xom's grace]
 12125 | Lair:1   | Gained mutation: You are covered in thick fur. (AC +2)
                  | [Xom's grace]
 12125 | Lair:1   | Gained mutation: You passively map a small area around you.
                  | [Xom's grace]
 12273 | Lair:1   | XOM: confuse monster(s)
 12284 | Lair:1   | Reached skill level 11 in Long Blades
 12352 | Lair:1   | Noticed an oklob plant
 12485 | Lair:2   | XOM: scenery: create altars
 12650 | D:8      | XOM: god gift: 4 large rocks
 12742 | Lair:2   | Found a hole to the Spider Nest.
 12746 | Lair:2   | XOM: cast spell 'Summon Horrible Things'
 12910 | Lair:2   | XOM: god gift: translucent wooden ring {god gift}
 12911 | Lair:2   | Got a translucent wooden ring {god gift}
 12922 | Lair:2   | Identified the ring "Xecisall" {*Contam +Fly rN+ Int+4}
                  | (Xom gifted it to you on level 2 of the Lair of Beasts)
 13041 | Lair:2   | Noticed a four-headed hydra
 13049 | Lair:2   | Killed a one-headed hydra
 13180 | Lair:2   | XOM: scenery: create altars
 13236 | Lair:2   | XOM: snakes to sticks
 13294 | Lair:2   | Found a staircase to the Shoals.
 13453 | Lair:3   | XOM: scenery: create altars
 13677 | Lair:3   | XOM: 1-stop teleportation journey
 13846 | Lair:3   | XOM: swap monsters
 13941 | Lair:3   | XOM: 4-stop teleportation journey
 13943 | Lair:3   | XOM: silly message
 14231 | Lair:3   | XOM: noise
 14479 | Lair:3   | XOM: god gift: crooked smoking staff {god gift}
 14567 | Lair:4   | Noticed Kirke
 14567 | Lair:4   | XOM: fog
 14571 | Lair:4   | XOM: summons friendly iron imp
 14794 | Lair:3   | XOM: cloud trail
 15083 | Lair:3   | XOM: 1-stop teleportation journey
 15117 | Lair:3   | XOM is BORED!
 15173 | Lair:3   | XOM: 2-stop teleportation journey
 15226 | Lair:3   | Noticed a harpy
 15226 | Lair:3   | Noticed a harpy
 15226 | Lair:3   | Noticed a harpy
 15227 | Lair:3   | XOM: destruction
 15234 | Lair:3   | Killed Kirke
 15234 | Lair:3   | Reached XP level 12. HP: 30/80 MP: 7/20
 15312 | Lair:3   | XOM: give mutations
 15312 | Lair:3   | Lost mutation: You are covered in thick fur. (AC +2) [Xom's
                  | mischief]
 15312 | Lair:3   | Lost mutation: You are covered in fur. (AC +1) [Xom's
                  | mischief]
 15312 | Lair:3   | Lost mutation: You are partially covered in molten scales.
                  | (AC +2) [Xom's mischief]
 15312 | Lair:3   | Lost mutation: Your muscles are strong. (Str +2) [Xom's
                  | mischief]
 15358 | Lair:3   | Found a shimmering altar of Xom.
 15359 | Lair:3   | Found a shimmering altar of Xom.
 15359 | Lair:3   | Found a shimmering altar of Xom.
 15360 | Lair:3   | Found a shimmering altar of Xom.
 15786 | Lair:3   | XOM: god gift: 8 javelins
 15796 | Lair:3   | Learned a level 6 spell: Statue Form
 15918 | Lair:4   | XOM: polymorph blink frog -> human
 15922 | Lair:4   | XOM: cast spell 'Chain of Chaos'
 15925 | Lair:4   | XOM: cleaving
 15930 | Lair:4   | XOM: cleaving
 15942 | Lair:4   | Reached skill level 12 in Long Blades
 15970 | Lair:4   | XOM: give mutations
 15970 | Lair:4   | Gained mutation: You are partially covered in thin metallic
                  | scales. (AC +2) [Xom's grace]
 15970 | Lair:4   | Gained mutation: You evolve. [Xom's grace]
 15970 | Lair:4   | Gained mutation: You have large cloven feet. [Xom's grace]
 15979 | Lair:4   | XOM: god gift: scroll of enchant weapon
 16014 | Lair:4   | Noticed a six-headed hydra
 16022 | Lair:4   | Killed a two-headed hydra
 16026 | Lair:4   | XOM: destruction
 16031 | Lair:4   | XOM: god gift: scroll of teleportation
 16043 | Lair:4   | XOM: silly message
 16116 | Lair:4   | Noticed Rupert
 16118 | Lair:4   | XOM: divination: detect items
 16127 | Lair:4   | XOM: polymorph yak -> salamander
 16154 | Lair:3   | Learned a level 3 spell: Spectral Weapon
 16207 | Lair:3   | XOM: summons 12 friendly demons
 16208 | Lair:3   | XOM: scenery: create altars
 16213 | Lair:3   | XOM: scenery: create altars
 16214 | Lair:3   | Killed Rupert
 16366 | Lair:4   | Noticed Nessos
 16369 | Lair:4   | Noticed Nessos
 16369 | Lair:4   | Nessos changed into Nessos the glowing shapeshifter
 16370 | Lair:4   | XOM: cleaving
 16370 | Lair:4   | Noticed Nessos
 16370 | Lair:4   | Nessos the glowing shapeshifter changed into Nessos the
                  | death drake
 16382 | Lair:4   | Noticed Nessos
 16382 | Lair:4   | Nessos the death drake changed into Nessos the merfolk
 16383 | Lair:4   | Noticed Nessos
 16383 | Lair:4   | Nessos the merfolk changed into Nessos the mana viper
 16384 | Lair:4   | Noticed Nessos
 16384 | Lair:4   | Nessos the mana viper changed into Nessos the dream sheep
 16386 | Lair:4   | Killed Nessos the dream sheep
 16409 | Lair:4   | HP: 4/80 [yak (2)]
 16573 | Lair:4   | XOM: god gift: glowing scimitar {god gift}
 16677 | Lair:4   | XOM: give mutations
 16677 | Lair:4   | Gained mutation: You have an increased reservoir of magic.
                  | (+10% MP) [Xom's grace]
 16677 | Lair:4   | Gained mutation: You can translocate small distances at
                  | will. [Xom's grace]
 16759 | Lair:4   | XOM: polymorph crocodile -> warg
 16820 | Lair:4   | XOM: scenery: create altars
 16848 | Lair:4   | XOM: give mutations
 16848 | Lair:4   | Lost mutation: Your body sometimes deteriorates upon taking
                  | damage. [Xom's mischief]
 16848 | Lair:4   | Lost mutation: You evolve. [Xom's mischief]
 16848 | Lair:4   | Lost mutation: You have large cloven feet. [Xom's mischief]
 16848 | Lair:4   | Lost mutation: You occasionally shout uncontrollably at
                  | your foes. [Xom's mischief]
 16880 | Lair:4   | XOM: chaos cloud
 16882 | Lair:4   | Paralysed by you for 6 turns
 16883 | Lair:4   | XOM: silly message
 16889 | Lair:4   | XOM: noise
 16950 | Lair:4   | XOM: noise
 17155 | Lair:5   | XOM: silly message
 17242 | Lair:5   | XOM: cast spell 'Summon Ice Beast'
 17283 | Lair:5   | Reached skill level 1 in Evocations
 17332 | Lair:5   | Noticed a five-headed hydra
 17342 | Lair:5   | Killed a one-headed hydra
 17347 | Lair:5   | XOM: noise
 17348 | Lair:5   | XOM: noise
 17565 | Lair:5   | XOM: 2-stop teleportation journey
 17584 | Lair:5   | XOM: polymorph komodo dragon -> eye of draining
 18002 | Lair:6   | Entered Level 6 of the Lair of Beasts
 18055 | Lair:6   | Found a runed translucent door.
 18056 | Lair:6   | Noticed an ice dragon
 18130 | Lair:6   | Reached XP level 13. HP: 67/88 MP: 15/22
 18252 | Lair:6   | Reached skill level 13 in Long Blades
 18294 | Lair:6   | Reached skill level 10 in Hexes
 18301 | Lair:6   | XOM: confusion (+ monsters)
 18305 | Lair:6   | XOM: 2-stop teleportation journey
 18306 | Lair:6   | XOM: enchant monster (bad)
 18335 | Lair:6   | Found a staircase to the Slime Pits.
 18422 | Lair:6   | XOM: god gift: 18 arrows
 18518 | Lair:6   | XOM: chaos cloud
 18542 | Lair:6   | XOM: enchant monster (bad)
 18543 | Lair:6   | XOM: butterfly on damage
 18709 | Lair:6   | XOM: summons 1 hostile demon
 18717 | Lair:6   | XOM: summons 7 hostile demons
 18725 | Lair:6   | XOM: noise
 18848 | Lair:6   | XOM: summons friendly crimson imp
 19196 | Lair:6   | XOM: polymorph black mamba -> something unseen
 19237 | Lair:6   | XOM: enchant monster (good)
 19300 | Lair:6   | XOM: fog
 19319 | Lair:6   | XOM: give mutation
 19319 | Lair:6   | Gained mutation: You passively map the area around you.
                  | [Xom's mischief]
 19373 | Lair:6   | XOM: stat loss: -1 Str (11/12)
 19447 | Lair:6   | XOM: stat loss: -1 Dex (18/19)
 19573 | Lair:6   | XOM: enchant monster (good)
 19584 | Lair:6   | XOM: polymorph oklob plant -> oklob plant
 19599 | Lair:6   | XOM: swap monsters
 19711 | Lair:6   | XOM: silly message
 19805 | Lair:6   | Got a vibrating jade ring
 19855 | Lair:6   | Identified the ring "Lakleifo" {rPois rF- Int+3 Stlth-}
                  | (You found it on level 6 of the Lair of Beasts)
 19923 | Lair:6   | XOM: destruction
 20082 | Lair:6   | Reached skill level 5 in Evocations
 20118 | Lair:6   | Got a bloodstained plate armour
 20129 | Lair:6   | Identified the +6 plate armour of Wisdom {-Tele +Inv rCorr}
                  | (You found it on level 6 of the Lair of Beasts)
 20277 | Lair:6   | Reached skill level 1 in Armour
 20545 | Lair:5   | XOM: repel stairs
 20774 | Lair:1   | XOM: cloud trail
 20925 | D:11     | XOM: stealth player
 20928 | D:11     | XOM: divination: detect creatures
 20951 | D:11     | Found a staircase to the Orcish Mines.
 21195 | D:11     | Noticed Wiuzywej's ghost (journeyman MiBe)
 21309 | D:11     | Found a transporter.
 21312 | D:11     | Reached skill level 14 in Long Blades
 21354 | D:11     | Found a transporter.
 21485 | D:11     | Found Jaboecih's Jewellery Emporium.
 21503 | D:11     | Reached XP level 14. HP: 94/94 MP: 24/24
 21554 | D:11     | XOM: noise
 21677 | D:11     | XOM: give mutations
 21677 | D:11     | Lost mutation: Your mind is acute. (Int +2) [Xom's
                  | mischief]
 21677 | D:11     | Lost mutation: You expend magic power (3 MP) to strengthen
                  | your wands. [Xom's mischief]
 21677 | D:11     | Lost mutation: Your system is resistant to poisons. (rPois)
                  | [Xom's mischief]
 21677 | D:11     | Lost mutation: You have an increased reservoir of magic.
                  | (+10% MP) [Xom's mischief]
 22040 | D:12     | XOM: enchant monster (bad)
 22256 | D:12     | Got a brightly glowing rapier
 22289 | D:12     | Identified the +4 rapier "Vucil" {vorpal, rPois rC- Str+7}
                  | (You found it on level 12 of the Dungeon)
 22377 | D:12     | XOM: give mutation
 22377 | D:12     | Lost mutation: You are robust. (+10% HP) [Xom's mischief]
 22640 | D:12     | XOM: noise
 22641 | D:12     | XOM: chaos upgrade
 22648 | D:12     | XOM: fog
 22788 | D:12     | XOM: god gift: 3 atropa-tipped darts
 22883 | D:13     | XOM is BORED!
 22883 | D:13     | XOM: torment (45/87 hp)
 23126 | D:13     | XOM: fake destruction
 23127 | D:13     | XOM: cast spell 'Cause Fear'
 23147 | D:13     | XOM: enchant monster (bad)
 23303 | D:13     | Found a gate to the Vaults.
 23303 | D:13     | Noticed an ironheart preserver
 23313 | D:13     | an ironheart preserver changed into a shapeshifter
 23313 | D:13     | XOM: polymorph ironheart preserver -> shapeshifter
 23773 | D:13     | XOM: summons 4 hostile demons
 23901 | D:13     | XOM: cloud trail
 23922 | D:13     | XOM: god gift: scale mail {god gift}
 23998 | D:13     | XOM: god gift: potion of curing
 24089 | D:14     | XOM: god gift: 53 gold pieces
 24096 | D:14     | Reached skill level 10 in Fighting
 24114 | D:14     | XOM: scenery: create altars
 24304 | D:14     | Found a shattered altar of Ashenzari.
 24326 | D:14     | XOM: potion effect (brilliance)
 24338 | D:14     | XOM: enchant monster (good)
 24417 | D:14     | XOM: blink monster(s)
 24448 | D:14     | XOM: noise
 24569 | D:14     | XOM: silly message
 24814 | D:14     | XOM: silly message
 24841 | D:14     | XOM: stat loss: -1 Str (17/18)
 25003 | D:14     | Reached skill level 15 in Long Blades
 25431 | D:14     | Found Deol Rio's Jewellery Shop.
 25448 | D:14     | XOM: give mutations
 25448 | D:14     | Gained mutation: Your magical capacity is low. (-10% MP)
                  | [Xom's mischief]
 25448 | D:14     | Lost mutation: Your magical capacity is low. (-10% MP)
                  | [Xom's mischief]
 25448 | D:14     | Lost mutation: You are partially covered in thin metallic
                  | scales. (AC +2) [Xom's mischief]
 25448 | D:14     | Gained mutation: You occasionally shout uncontrollably at
                  | your foes. [Xom's mischief]
 25537 | D:15     | Entered Level 15 of the Dungeon
 25540 | D:15     | XOM: enchant monster (bad)
 25584 | D:14     | XOM: chaos upgrade
 25603 | D:14     | XOM: noise
 25609 | D:14     | XOM: polymorph orc wizard -> bullfrog
 25769 | D:14     | XOM: summons 6 hostile demons
 25903 | D:14     | XOM: summons 8 hostile demons
 26045 | D:15     | XOM: summons 3 hostile shadow creatures
 26053 | D:15     | XOM: butterfly on damage
 26054 | D:15     | XOM: blink monster(s)
 26063 | D:15     | XOM: summons 4 hostile shadow creatures
 26065 | D:15     | XOM: smoke on damage
 26360 | D:15     | XOM: confusion
 26611 | D:15     | XOM: summons 8 hostile demons
 26628 | D:15     | XOM: polymorph shadow imp -> quasit
 26636 | D:15     | XOM: repel stairs
 26644 | D:15     | XOM: chaos cloud
 27013 | D:15     | XOM: polymorph purple ugly thing -> cyan ugly thing
 27032 | D:15     | Noticed a storm dragon
 27032 | D:15     | a seven-headed hydra changed into a storm dragon
 27032 | D:15     | XOM: polymorph seven-headed hydra -> storm dragon
 27038 | D:15     | XOM: confusion
 27044 | D:15     | XOM: silly message
 27045 | D:15     | Killed a storm dragon
 27050 | D:15     | XOM: noise
 27055 | D:15     | XOM: noise
 27055 | D:15     | Reached XP level 15. HP: 65/93 MP: 23/23
 27057 | D:15     | Reached skill level 5 in Armour
 27065 | D:15     | XOM: polymorph hippogriff -> lindwurm
 27202 | D:15     | XOM: draining
 27447 | D:15     | XOM: summons 1 hostile shadow creature
 27470 | D:15     | XOM: scenery: create altars
 27707 | D:15     | XOM: scenery: create altars
 27729 | D:15     | XOM: divine lightning
 27823 | D:15     | XOM: fake destruction
 27935 | D:15     | XOM: god gift: 21 stones
 28211 | D:15     | XOM: scenery: 1 doors open
 28479 | D:15     | Found a staircase to the Depths.
 28711 | Orc:1    | Entered Level 1 of the Orcish Mines
 28738 | D:11     | XOM: blink monster(s)
 29514 | Orc:1    | XOM: noise
 29841 | Orc:1    | XOM: smoke on damage
 29841 | Orc:1    | XOM: torment (47/94 hp)
 30103 | Orc:1    | XOM: blink monster(s)
 30121 | Orc:1    | XOM: repel stairs
 30332 | Orc:1    | XOM: enchant monster (bad)
 30333 | Orc:1    | XOM: polymorph orc warrior -> human
 30574 | Orc:1    | Found a roughly hewn altar of Beogh.
 30684 | Orc:2    | Entered Level 2 of the Orcish Mines
 30684 | Orc:2    | Noticed Jorgrun
 30732 | Orc:1    | Noticed an orc warlord
 30750 | Orc:2    | Reached skill level 16 in Long Blades
 30767 | Orc:2    | Killed Jorgrun
 30771 | Orc:2    | Shot with a bolt by an orc warrior

Illustrated notes

Levels and vault maps discovered:
D:1:      lightli_arrival_maybe_door_vault, layout_rooms
D:2:      layout_loops_cross, lemuel_coloured_pillars_altar
D:3:      layout_basic, nicolae_dithmenos_through_a_glass_darkly,
          chequers_ecumenical_altar_grove, gammafunk_ghost_grave,
          grunt_ministairs_7, uniq_crazy_yiuf_cottage, uniq_jessica
D:4:      layout_basic, nicolae_ru_awakened_eye, nicolae_overflow_crystal_walls,
          uniq_sigmund
D:5:      minmay_recursive_quarters, layout_loops_ring,
          nicolae_overflow_hidden_temple, first_ration, serial_shops, shop
D:6:      minmay_cornered_nines, layout_rooms, minmay_temple_entry_fiery,
          basic_altar, kennysheep_small_circle
D:7:      layout_loops_ring, led_sif_pool, kiku_gazebo_garden_becter,
          basic_altar
D:8:      layout_basic, basic_altar, enter_ossuary_1, elyvilon_altar_5
D:9:      layout_long_grid, enter_bailey_2
D:10:     layout_small_grid, erik_lair_island, blue_anna_alchemist
          [blue_anna_fruit_fields, blue_anna_fruit_fields], minivault_16,
          kennysheep_generic_room_3
D:11:     layout_cave_pools, david_orc_3, gammafunk_ghost_hive, serial_shops,
          nicolae_shop_trees, minmay_starry_boxes
D:12:     layout_basic, fungi_pond_lemuel, minmay_holes
D:13:     layout_cave_pools, skrybe_vaults_entry_preservation
D:14:     layout_rooms, nicolae_ashenzari_panopticon, serial_shops, shop,
          minivault_12
D:15:     grunt_enter_depths_hoard, layout_irregular_city, minmay_misc_feat_rows
Lair:1:   layout_chaotic_city, basic_altar, minmay_lair_oklob_items,
          beast_lair_carwin_4, grunt_megastairs_5
Lair:2:   layout_regular_city, minmay_shoals_entry_lonely_mermaid,
          nicolae_spider_entry_non_spiders, lemuel_fruit_tree
Lair:3:   layout_small_grid
Lair:4:   layout_regular_city, enter_volcano_4, chequers_serial_rivers_micro_e,
          uniq_rupert, uniq_kirke, uniq_nessos
Lair:5:   layout_regular_city, kennysheep_catoblepas_arena, grunt_megastairs_2
Lair:6:   hangedman_lair_tendril_chambers, layout_long_grid, wormcave,
          minmay_slime_entry_jelly_boxes, minmay_lair_oklob_chamber
Orc:1:    nicolae_orc_accident_2, layout_caves
Orc:2:    st_orc_rangers, layout_caves, uniq_jorgrun

Skill      XL: |  1  2  3  4  5  6  7  8  9 10 11 12 13 14 15 |
---------------+----------------------------------------------+-----
Long Blades    | 3 4 5 6 8 9 10 11 12 14 15 16 | 16.0
Dodging        | 3 4 5 6 7 8 9 10 11 12 | 12.8
Fighting       | 3 4 5 6 8 9 10 11 | 11.1
Shields        | 1 3 4 |  4.0
Spellcasting   | 2 4 |  4.0
Hexes          | 2 5 8 9 11 | 11.1
Charms         | 2 |  2.0
Evocations     | 2 5 6 |  6.0
Armour         | 1 4 6 |  6.1

Action                   |  1- 3 |  4- 6 |  7- 9 | 10-12 | 13-15 || total
-------------------------+-------+-------+-------+-------+-------++-------
Melee: Falchion          |    85 |   132 |   132 |       |       ||   349
       Quarterstaff      |       |    17 |       |       |       ||    17
       Scimitar          |       |       |   292 |    45 |       ||   337
       Double sword      |       |       |       |   505 |  1260 ||  1765
       Kick              |       |       |       |    18 |       ||    18
Throw: Boomerang         |       |       |       |    22 |       ||    22
 Cast: Spectral Weapon   |       |       |       |     3 |       ||     3
Evoke: Wand              |       |       |       |     8 |    13 ||    21
       Tin of tremorston |       |       |       |     3 |     6 ||     9
       Lightning rod     |       |       |       |       |     2 ||     2
  Use: Scroll            |       |    11 |     7 |    23 |     9 ||    50
       Potion            |       |       |     1 |     3 |     9 ||    13
 Stab: Paralysed         |     3 |       |     6 |       |       ||     9
       Invisible         |     3 |       |       |       |       ||     3
       Petrifying        |     1 |     1 |     2 |       |     1 ||     5
       Sleeping          |       |     1 |       |       |     2 ||     3
       Petrified         |       |     2 |       |       |     7 ||     9
       Confused          |       |       |       |     3 |       ||     3
  Eat: Chunk             |     1 |     5 |     9 |    18 |    17 ||    50
       Ration            |     1 |     1 |     3 |     3 |     8 ||    16
Armor: Leather armour    |    39 |       |       |       |       ||    39
       Ring mail         |    29 |    65 |   156 |    17 |       ||   267
       Troll leather arm |       |       |       |   164 |    64 ||   228
       Skin              |       |       |       |     5 |       ||     5
       Plate armour      |       |       |       |       |   495 ||   495
Dodge: Dodged            |    79 |    91 |   273 |   513 |   628 ||  1584
Block: Buckler           |       |       |    61 |   169 |   621 ||   851
       Reflection        |       |       |       |       |    35 ||    35
       Rpst.: Falchion   |    30 |    21 |    14 |       |       ||    65
       Scimitar          |       |       |    50 |     6 |       ||    56
       Double sword      |       |       |       |   133 |   147 ||   280
